 Dungeon Crawl Stone Soup version 0.20.1-1-g8b1a95d (webtiles) character file.

100 Ladykiller69 the Charmwright (level 5, -2/38 HPs)
             Began as a Formicid Skald on Aug 24, 2017.
             Slain by Fingolfin's ghost (4 damage)
             ... on level 3 of the Dungeon.
             The game lasted 00:12:23 (3033 turns).

Ladykiller69 the Charmwright (Formicid Skald)       Turns: 3033, Time: 00:12:24

Health: -2/38      AC:  3    Str: 17    XL:     5   Next: 3%
Magic:  1/8        EV: 12    Int: 12    God:
Gold:   99         SH:  0    Dex: 10    Spells: 0/9 levels left

rFire    x . .     SeeInvis +   a - +0 hand axe
rCold    + . .     Gourm    .   (no shield)
rNeg     . . .     Faith    .   b - +0 leather armour
rPois    .         Spirit   .   (helmet unavailable)
rElec    .         Reflect  .   (no cloak)
rCorr    .         Harm     .   (no gloves)
MR       .....                  (no boots)
Stlth    +.........             (no amulet)
Regen    0.2/turn               (no ring)
MPRegen  0.2/turn               r - ring of ice

@: infused
A: permanent stasis, dig shafts and tunnels, four strong arms, antennae 3
a: Dig, Shaft Self


You were on level 3 of the Dungeon.
You were not hungry.

You visited 1 branch of the dungeon, and saw 3 of its levels.

You collected 99 gold pieces.

Inventory:

Hand Weapons
 a - a +0 hand axe (weapon)
Armour
 b - a +0 leather armour (worn)
Jewellery
 r - a ring of ice (right hand)
Scrolls
 l - 3 scrolls of identify
Potions
 e - a potion of curing
 f - 2 potions of invisibility
 i - 4 potions of lignification
 m - 2 potions of mutation
Books
 c - a book of Battle

   Spells                             Type                      Level
   a - Infusion                       Charms                       1
   b - Shroud of Golubria             Charms/Translocation         2
   c - Song of Slaying                Charms                       2
   d - Spectral Weapon                Hexes/Charms                 3
   e - Regeneration                   Charms/Necromancy            3
Comestibles
 d - 3 bread rations
 g - 2 meat rations
 p - 2 chunks of flesh


   Skills:
 + Level 2.2 Fighting
 * Level 3.1 Axes
 - Level 1.1 Armour
 - Level 2.0 Dodging
 + Level 2.6 Spellcasting
 + Level 1.9 Hexes
 + Level 3.5 Charms
 - Level 1.0 Translocations


You couldn't memorise any spells.
You knew the following spells:

 Your Spells              Type           Power        Failure   Level  Hunger
a - Infusion              Chrm           ##..         7%          1    #......
b - Shroud of Golubria    Chrm/Tloc      #.........   19%         2    ###....
c - Spectral Weapon       Hex/Chrm       #.......     30%         3    ###....
d - Regeneration          Chrm/Necr      #.........   41%         3    ###....


Dungeon Overview and Level Annotations

Branches:
Dungeon (3/15)

Altars:

Annotations:
D:3 Fingolfin's ghost, amateur NaTm


Innate Abilities, Weirdness & Mutations

You cannot be hasted, slowed, berserked, paralysed or teleported.
You can dig through walls and to a lower floor.
Your four strong arms can wield two-handed weapons with a shield.
You have a pair of large antennae on your head. (SInv)


Message History

Fingolfin's ghost is almost destroyed.
Your spectral weapon barely misses Fingolfin's ghost.
Fingolfin's ghost misses you.
You closely miss Fingolfin's ghost.
Fingolfin's ghost is almost destroyed.
Your spectral weapon hits Fingolfin's ghost.
Fingolfin's ghost barely misses you. Fingolfin's ghost hits you!
* * * LOW HITPOINT WARNING * * *
Fingolfin's ghost freezes you.
* * * LOW HITPOINT WARNING * * *
A worm comes into view.
You barely miss Fingolfin's ghost.
Fingolfin's ghost is almost destroyed.
Your spectral weapon completely misses Fingolfin's ghost.
Fingolfin's ghost barely misses you.
You barely miss Fingolfin's ghost.
Fingolfin's ghost is almost destroyed.
Your spectral weapon closely misses Fingolfin's ghost.
Fingolfin's ghost hits you.
You die...

#.#.# #.# ###.#.###.# ..
#.........# ...
#.........## { ....###
#..........# .. .....
#..........### ... #..
#...........>## .... ##.
####.####.#...### ......
#.. #)#
#.###..@####........##..
####.# #.#
##.(W...w...........
#....## #..
##.###.............
##....######.##.#
..........#..
###..........#.#
..W?..... ### #...#####.
#..##..)..... # #.#..##
..#.......... ###
#..#..# #...#.........
#.. ####.##.##
#.#.....##########..


You could see a worm, Fingolfin's ghost and a friendly spectral hand axe.

Vanquished Creatures
  4 adders (D:2)
  An ooze (D:1)
  4 worms
  A dart slug (D:1)
  2 leopard geckos
  An orc (D:3)
  A giant cockroach (D:1)
  4 goblins
  5 hobgoblins
  4 jackals
  6 bats
  2 frilled lizards (D:1)
  5 kobolds
  7 rats
47 creatures vanquished.

Notes
Turn   | Place    | Note
-------+----------+-------------------------------------------
     0 | D:1      | Ladykiller69 the Formicid Skald began the quest for the Orb.
     0 | D:1      | Reached XP level 1. HP: 16/16 MP: 3/3
   329 | D:1      | Reached XP level 2. HP: 20/22 MP: 0/5
   458 | D:1      | Learned a level 2 spell: Shroud of Golubria
   811 | D:1      | Reached XP level 3. HP: 27/27 MP: 2/6
  1063 | D:1      | Learned a level 3 spell: Spectral Weapon
  1803 | D:2      | Reached skill level 1 in Hexes
  1803 | D:2      | Reached XP level 4. HP: 33/33 MP: 1/7
  1961 | D:2      | Reached skill level 1 in Translocations
  2951 | D:3      | Reached XP level 5. HP: 30/38 MP: 3/8
  2970 | D:3      | Learned a level 3 spell: Regeneration
  3012 | D:3      | Noticed Fingolfin's ghost (amateur NaTm)
  3031 | D:3      | HP: 1/38 [Fingolfin's ghost (2)]
  3033 | D:3      | Slain by Fingolfin's ghost

Skill      XL: |  1  2  3  4 |
---------------+-------------+-----
Dodging        | 2 |  2.0
Hexes          | 1 |  1.9
Axes           | 3 |  3.1
Translocations | 1 |  1.0
Fighting       | |  2.2
Armour         | |  1.1
Spellcasting   | |  2.6
Charms         | |  3.5

Action                   |  1- 3 |  4- 6 || total
-------------------------+-------+-------++-------
Melee: Hand axe          |   116 |    63 ||   179
 Cast: Infusion          |    18 |     4 ||    22
       Shroud of Golubri |     6 |     6 ||    12
       Spectral Weapon   |       |    10 ||    10
 Abil: Dig               |     4 |       ||     4
  Use: Potion            |     1 |       ||     1
       Scroll            |       |     8 ||     8
  Eat: Chunk             |     4 |     6 ||    10
Armor: Leather armour    |    55 |     8 ||    63
Dodge: Dodged            |   110 |    26 ||   136
